 Dungeon Crawl Stone Soup version 0.29.1-2-gbd0b4ee654 (webtiles) character file.

Game seed: 1999127836811330305

161 KennySheep the Cutter (level 5, -1/32 HPs)
             Began as a Deep Elf Fighter on Nov 22, 2022.
             Was a Follower of Okawaru.
             Slain by an orc priest
             ... wielding a +0 hand axe
              (4 damage)
             ... on level 3 of the Dungeon.
             The game lasted 00:07:53 (3644 turns).

KennySheep the Cutter (Deep Elf Fighter)            Turns: 3644, Time: 00:07:53

Health: -1/32      AC:  9    Str: 13    XL:     5   Next: 18%
Magic:  0/8        EV:  6    Int: 13    God:    Okawaru [*.....]
Gold:   156        SH:  5    Dex: 16    Spells: 4/4 levels left

rFire   . . .      SeeInvis .   a - +0 rapier
rCold   . . .      Faith    .   c - +0 buckler
rNeg    . . .      Spirit   +   m - +0 chain mail
rPois   .          Reflect  .   (no helmet)
rElec   .          Harm     .   (no cloak)
rCorr   .          Rampage  .   (no gloves)
Will    .....                   (no boots)
Stlth   ..........              u - amulet of guardian spirit
HPRegen 0.10/turn               (no ring)
MPRegen 0.11/turn               (no ring)

@: no status effects
A: no striking features
a: Renounce Religion, Heroism


You were on level 3 of the Dungeon.
You worshipped Okawaru.
Okawaru was aware of your devotion.
You visited 1 branch of the dungeon, and saw 3 of its levels.

You collected 156 gold pieces.

Inventory:

Hand Weapons
 a - a +0 rapier (weapon)
Armour
 b - a +0 scale mail
 c - a +0 buckler (worn)
 m - a +0 chain mail (worn)
Jewellery
 p - a ring of resist corrosion
 t - a ring of ice
 u - an amulet of guardian spirit (around neck)
 y - a ring of ice
Scrolls
 f - 4 scrolls of identify {unknown}
 h - a scroll of blinking {unknown}
 i - a scroll of torment {unknown}
 j - 2 scrolls of enchant weapon {unknown}
 k - 2 scrolls of fog {unknown}
 l - a scroll of teleportation {unknown}
 o - a scroll of enchant armour {unknown}
 q - 3 scrolls of fear {unknown}
 w - a scroll of noise {unknown}
Potions
 d - 3 potions of might
 e - a potion of cancellation {unknown}
 g - a potion of heal wounds
 n - a potion of brilliance {unknown}
 r - a potion of attraction {unknown}
 s - a potion of curing {unknown}
 v - a potion of lignification {unknown}
 x - a potion of mutation {unknown}


   Skills:
 + Level 2.9 Fighting
 * Level 3.3 Short Blades
 + Level 2.8 Armour
 + Level 1.7 Dodging
 + Level 1.2 Stealth
 + Level 2.9 Shields
 + Level 1.4 Invocations


You had 4 spell levels left.
You didn't know any spells.
Your spell library contained the following spells:

 Spells                   Type           Power      Damage    Failure   Level
 Magic Dart               Conj           0%         1d3       100%        1
 Searing Ray              Conj           0%         2d4       100%        2
 Portal Projectile        Hex/Tloc       0%         N/A       100%        3
 Fulminant Prism          Conj/Hex       0%         3d6       100%        4
 Blade Hands              Tmut           0%         N/A       100%        5
 Tukima's Dance           Hex            Unusable   N/A       N/A         3

Dungeon Overview and Level Annotations

Branches:
Dungeon (3/15)

Altars:
Elyvilon
Okawaru

Annotations:
D:2 1 runed translucent door, Crazy Yiuf


Message History

The orc is almost dead.
The orc barely misses you.
There is a stone staircase leading up here.
You hit the orc.
You kill the orc!
Okawaru accepts your kill.
The orc priest mumbles some strange prayers to Beogh against you.
Beogh smites you! The orc hits you but does no damage.
You climb upwards.
Level annotation: 1 runed translucent door, Crazy Yiuf
There is a stone staircase leading down here.
You hit the orc but do no damage. The orc hits you with a +0 hand axe.
* * * LOW HITPOINT WARNING * * *
You hit the orc.
The orc is heavily wounded.
The orc hits you but does no damage.
You hit the orc.
You kill the orc!
Okawaru accepts your kill.
You start resting.
Magic restored.
You start resting.
HP restored.
You climb downwards.
There is a stone staircase leading up here.
The orc priest invokes the aid of Beogh against you.
Beogh smites you!
You see here a +1 vorpal mace.
The orc priest calls down the wrath of Beogh upon you.
Beogh smites you!
You puncture the orc priest!
The orc priest is heavily wounded.
The orc priest invokes the aid of Beogh against you.
Pain shoots through your body!
* * * LOW HITPOINT WARNING * * *
You barely miss the orc priest.
The orc priest is heavily wounded.
The orc priest hits you with a +0 hand axe.
You die...

#.#..........####..###o#####..
##ยง#.##..###.# ##..##o# ##.
#l.#.###..##.# ##.##.# ##
##.h##.# ##.#..# #...o# #..###.#
#...## ###..# #.##...# ##...#
#.o# #.##.#.# #.#<## #..#
.......# #.#.)### ##<#######
.......# #.##[@.# #.........
.......# #.####o# #......[..
..<....# #)####.######.........
...)...# ###.##.......##.........
######.###...##.......##.........
#####.##..####.......[).........
##...#....## #........#.........
#........>.## #........#.........
............# #.......###..######


You could see an orc priest.

Vanquished Creatures
  Natasha (thrice) (D:3)
  2 adders
  A worm (D:2)
  A dart slug (D:2)
  4 orcs
  7 bats
  4 endoplasms
  2 giant cockroaches (D:1)
  10 goblins
  4 hobgoblins
  7 kobolds
  2 quokkas
  2 ball pythons
  3 frilled lizards
  5 rats
57 creatures vanquished.

Notes
Turn   | Place    | Note
-------+----------+-------------------------------------------
     0 | D:1      | KennySheep the Deep Elf Fighter began the quest for the
                  | Orb.
     0 | D:1      | Reached XP level 1. HP: 13/13 MP: 3/3
    21 | D:1      | Found a faded altar of an unknown god.
    39 | D:1      | Prayed at the altar of an unknown god.
    39 | D:1      | Became a worshipper of Warmaster Okawaru
    39 | D:1      | Reached * piety under Okawaru
   290 | D:1      | Reached XP level 2. HP: 18/18 MP: 4/4
  1236 | D:1      | Reached XP level 3. HP: 19/22 MP: 5/5
  1370 | D:2      | Reached skill level 1 in Dodging
  2435 | D:2      | Found a runed translucent door.
  2436 | D:2      | Noticed Crazy Yiuf
  2481 | D:3      | Reached skill level 1 in Invocations
  2505 | D:3      | Reached XP level 4. HP: 19/27 MP: 6/6
  2781 | D:3      | HP: 1/27 [orc priest/divine providence (14)]
  2800 | D:3      | HP: 1/27 [orc/+0 whip (2)]
  2882 | D:3      | Found a white marble altar of Elyvilon.
  2884 | D:3      | Noticed Natasha
  2899 | D:3      | Killed Natasha
  2900 | D:3      | Reached skill level 3 in Short Blades
  3001 | D:3      | Noticed Natasha
  3103 | D:3      | Killed Natasha
  3104 | D:3      | Reached skill level 1 in Stealth
  3107 | D:3      | Noticed Natasha
  3120 | D:3      | Killed Natasha
  3121 | D:3      | Reached XP level 5. HP: 11/32 MP: 3/8
  3644 | D:3      | Slain by an orc priest

Illustrated notes

Levels and vault maps discovered:
D:1:      lightli_arrival_lavapool, layout_basic,
          dreamdust_ecumenical_altar_statues, minmay_surrounded
D:2:      layout_loops_ring, uniq_crazy_yiuf_cottage
D:3:      layout_rooms, elyvilon_altar_3, uniq_natasha

Skill      XL: |  1  2  3  4 |
---------------+-------------+-----
Dodging        | 1 |  1.7
Invocations    | 1 |  1.4
Short Blades   | 3 |  3.3
Stealth        | 1 |  1.2
Fighting       | |  2.9
Armour         | |  2.8
Shields        | |  2.9

Action                   |  1- 3 |  4- 6 || total
-------------------------+-------+-------++-------
Melee: Rapier            |   158 |    76 ||   234
Invok: Heroism           |     1 |     2 ||     3
  Use: Potion            |       |     2 ||     2
Armor: Scale mail        |    75 |       ||    75
       Chain mail        |    21 |    28 ||    49
Dodge: Dodged            |    70 |    19 ||    89
Block: Buckler           |    32 |    22 ||    54
